 Dungeon Crawl Stone Soup version 0.23-a0-408-g9d4b7edeb2 (webtiles) character file.

1289 LostNumber the Caller (level 8, -2/52 HPs)
             Began as a Mummy Summoner on Nov 8, 2018.
             Was a Priest of Kikubaaqudgha.
             Slain by an ice beast (9 damage)
             ... on level 6 of the Dungeon.
             The game lasted 00:16:55 (7174 turns).

LostNumber the Caller (Mummy Summoner)              Turns: 7174, Time: 00:16:56

Health: -2/52      AC:  7    Str: 12    XL:     8   Next: 30%
Magic:  20/26      EV: 11    Int: 16    God:    Kikubaaqudgha [***...]
Gold:   527        SH:  4    Dex: 12    Spells: 6/20 levels left

rFire    . . .     SeeInvis .   o - +3 halberd (venom)
rCold    . . .     Gourm    .   (shield currently unavailable)
rNeg     + + +     Faith    .   t - +0 leather armour
rPois    ∞         Spirit   .   (no helmet)
rElec    .         Reflect  +   (no cloak)
rCorr    .         Harm     .   g - +2 pair of gloves
MR       +....                  j - +0 pair of boots
Stlth    +.........             k - +4 amulet of reflection
HPRegen  0.17/turn              h - ring of magical power
MPRegen  0.20/turn              m - ring of fire

@: no status effects
A: no food or potions, fire vulnerability, cold resistance 1, negative energy
resistance 3, torment resistance, unbreathing
a: Receive Corpses, Renounce Religion


You were on level 6 of the Dungeon.
You worshipped Kikubaaqudgha.
Kikubaaqudgha was most pleased with you.
You were not hungry.

You visited 1 branch of the dungeon, and saw 6 of its levels.
You also visited: Ossuary.

You collected 617 gold pieces.
You spent 90 gold pieces at shops.

Inventory:

Hand Weapons
 b - a +0 club
 l - a +2 whip of draining
 o - a +3 halberd of venom (weapon)
Armour
 a - a +0 robe
 g - a +2 pair of gloves (worn)
 j - a +0 pair of boots (worn)
 t - a +0 leather armour (worn)
Jewellery
 h - a ring of magical power (left hand)
 k - a +4 amulet of reflection (around neck)
 m - a ring of fire (right hand)
 p - an uncursed ring of ice
 q - an uncursed ring of see invisible
Scrolls
 d - 6 scrolls of teleportation
 e - 5 scrolls of remove curse
 f - a scroll of enchant weapon
 i - 7 scrolls of identify
 n - 2 scrolls of enchant armour
 r - 3 scrolls of blinking
 s - a scroll of fog


   Skills:
 - Level 1.5 Dodging
 - Level 1.5 Stealth
 + Level 6.5 Spellcasting
 * Level 7.0 Summonings
 + Level 1.0 Ice Magic
 + Level 3.5 Air Magic


You had 6 spell levels left.
You knew the following spells:

 Your Spells              Type           Power        Failure   Level  Hunger
a - Summon Small Mammal   Summ           ####         1%          1    N/A
b - Call Imp              Summ           ####....     1%          2    N/A
c - Call Canine Familiar  Summ           ####....     2%          3    N/A
d - Summon Lightning Spi  Summ/Air       ###.....     19%         4    N/A
e - Summon Ice Beast      Ice/Summ       ###.....     32%         4    N/A

Your spell library contained the following spells:

 Spells                   Type           Power        Failure   Level  Hunger
 Summon Guardian Golem    Hex/Summ       ###.....     12%         3    N/A
 Animate Skeleton         Necr           N/A          17%         1    N/A
 Corona                   Hex            #......      17%         1    N/A
 Pain                     Necr           #...         17%         1    N/A
 Ensorcelled Hibernation  Hex/Ice        #.....       21%         2    N/A
 Corpse Rot               Necr           N/A          26%         2    N/A
 Confuse                  Hex            #.......     45%         3    N/A
 Dazzling Spray           Conj/Hex       #.....       45%         3    N/A
 Tukima's Dance           Hex            #.......     45%         3    N/A
 Vampiric Draining        Necr           #.........   45%         3    N/A
 Animate Dead             Necr           N/A          86%         4    N/A
 Bolt of Draining         Conj/Necr      #.........   99%         5    N/A
 Dispel Undead            Necr           #.......     99%         5    N/A
 Excruciating Wounds      Chrm/Necr      #.........   99%         5    N/A
 Simulacrum               Ice/Necr       #.........   100%        6    N/A

Dungeon Overview and Level Annotations

Branches:
Dungeon (6/15)             Temple (0/1) D:5

Altars:
Elyvilon
Kikubaaqudgha
Ru
Vehumet
Beogh

Shops:
D:4 }   D:6 ?

Annotations:
D:4 3 runed doors, Veteran's ghost, novice GrFi


Innate Abilities, Weirdness & Mutations

You do not eat or drink.
Your flesh is vulnerable to fire.
You are immune to poison.
Your flesh is cold resistant. (rC+)
You are immune to negative energy. (rN+++)
You are immune to unholy pain and torment.
You can survive without breathing.


Message History

The ice beast hits you but does no damage.
Your iron imp hits the ice beast.
Unknown command.
Casting: Call Canine Familiar (safe; 2% risk of failure)
Confirm with . or Enter, or press ? or * to list all spells.
A beastly little devil appears in a puff of flame.
The adder bites your crimson imp. The ice beast hits you.
The ice beast freezes you!
* * * LOW HITPOINT WARNING * * *
Your iron imp barely misses the ice beast.
The adder closely misses your crimson imp.
The ice beast hits your hound. The ice beast freezes your hound!
Your crimson imp blinks!
Your iron imp barely misses the ice beast.
Unknown command.
Your hound bites the ice beast.
The ice beast hits you.
* * * LOW HITPOINT WARNING * * *
The ice beast freezes you!
You die...
Kikubaaqudgha rasps: "You have failed me!
Welcome... oblivion!"

. #.........# .
..( #.........#
. ....
#.......∩.# .
....#####5.....#
.
...............#
.
...............#
.
...............#
.....S.....#####
##..§.)h@.#
.......[Y5.....#
###...)....###.#
....##.......
... ...........
.. .##........#
. . #........#
#........#


You could see an ice beast, an adder, a friendly hound, a friendly iron imp and
a friendly crimson imp.

Vanquished Creatures
  Menkaure (D:4)
  Dowan (D:4)
  3 scorpions
  A howler monkey (D:6)
  3 orc priests
  3 orc wizards
  2 bullfrog skeletons
  5 worker ants
  A hound skeleton (D:5)
  2 mummies (Ossuary)
  A howler monkey zombie (D:5)
  2 adders
  2 gnolls (D:5)
  A howler monkey skeleton (D:4)
  4 oozes
  An adder skeleton (D:4)
  2 dart slugs
  5 leopard geckos
  11 orcs
  3 bats
  2 giant cockroaches
  A gnoll zombie (Ossuary)
  6 goblins
  4 hobgoblins
  5 jackals
  3 kobolds
  2 quokkas (D:5)
  3 ball pythons
  8 frilled lizards
  A kobold zombie (Ossuary)
  An orc zombie (Ossuary)
  A quokka skeleton (D:4)
  7 rats
98 creatures vanquished.

Vanquished Creatures (collateral kills)
  Duvessa (D:4)
  2 ogres
  Blork the orc (D:4)
  A wyvern zombie (D:6)
  A bullfrog skeleton (D:5)
  An orc priest (D:4)
  An iguana (D:6)
  An orc wizard (D:3)
  A hound skeleton (D:4)
  6 mummies (Ossuary)
  A worker ant zombie (D:5)
  3 gnolls
  4 adders
  A shadow imp (D:6)
  2 oozes
  2 worms
  2 leopard geckos
  6 orcs
  A ball python (D:1)
  A giant cockroach (D:4)
  A gnoll zombie (Ossuary)
  5 goblins
  4 hobgoblins
  3 jackals (D:1)
  3 bats
  3 frilled lizards
  A kobold (D:3)
  A kobold zombie (Ossuary)
  3 orc zombies (Ossuary)
  A quokka skeleton (D:4)
  3 rats
67 creatures vanquished.

Grand Total: 165 creatures vanquished

Notes
Turn   | Place    | Note
-------+----------+-------------------------------------------
     0 | D:1      | LostNumber the Mummy Summoner began the quest for the Orb.
     0 | D:1      | Reached XP level 1. HP: 13/13 MP: 4/4
   226 | D:1      | Reached XP level 2. HP: 10/19 MP: 1/6
  1222 | D:1      | Learned a level 2 spell: Call Imp
  1615 | D:1      | Reached XP level 3. HP: 23/24 MP: 4/7
  1703 | D:2      | Learned a level 3 spell: Call Canine Familiar
  1717 | D:2      | Reached skill level 4 in Summonings
  2053 | D:2      | Found an ancient bone altar of Kikubaaqudgha.
  2148 | D:2      | Became a worshipper of Kikubaaqudgha
  2383 | D:2      | Reached XP level 4. HP: 25/30 MP: 9/9
  2391 | D:2      | Learned a level 4 spell: Summon Lightning Spire
  3050 | D:3      | Reached * piety under Kikubaaqudgha
  3050 | D:3      | Identified Kikubaaqudgha's Incunabulum of Dark Arts
                  | (Kikubaaqudgha gifted it to you on level 3 of the Dungeon)
  3050 | D:3      | Received a gift from Kikubaaqudgha
  3978 | D:4      | Noticed Blork the orc
  4039 | D:4      | Noticed an ogre
  4047 | D:4      | Killed an ogre
  4047 | D:4      | Reached skill level 1 in Air Magic
  4047 | D:4      | Reached XP level 5. HP: 16/35 MP: 11/11
  4052 | D:4      | Noticed Menkaure
  4073 | D:4      | Killed Menkaure
  4073 | D:4      | Reached skill level 5 in Summonings
  4399 | D:4      | Reached XP level 6. HP: 38/41 MP: 12/12
  4418 | D:4      | Found Nunoj's Gadget Emporium.
  4521 | D:4      | Killed Blork the orc
  4676 | D:4      | Noticed Dowan
  4678 | D:4      | Noticed Duvessa
  4906 | D:4      | Found a runed gate.
  4907 | D:4      | Noticed Veteran's ghost (novice GrFi)
  4914 | D:4      | Found a runed gate.
  4919 | D:4      | Found a runed gate.
  4923 | D:4      | Found a roughly hewn altar of Beogh.
  5072 | D:4      | Reached skill level 5 in Spellcasting
  5454 | D:4      | Killed Duvessa
  5454 | D:4      | Reached XP level 7. HP: 46/46 MP: 15/15
  5460 | D:4      | Killed Dowan
  5544 | D:4      | Reached skill level 6 in Summonings
  5622 | D:5      | Entered Level 5 of the Dungeon
  5657 | D:5      | Reached ** piety under Kikubaaqudgha
  5670 | D:5      | Found a staircase to the Ecumenical Temple.
  5681 | D:5      | Found a sand-covered staircase.
  5699 | Ossuary  | Entered an ossuary
  6172 | D:5      | Reached *** piety under Kikubaaqudgha
  6172 | D:5      | Identified Kikubaaqudgha's Almanac of Necromancy
                  | (Kikubaaqudgha gifted it to you on level 5 of the Dungeon)
  6172 | D:5      | Received a gift from Kikubaaqudgha
  6172 | D:5      | Reached XP level 8. HP: 52/52 MP: 17/17
  6400 | D:5      | Found a sacrificial altar of Ru.
  6462 | D:5      | Found a white marble altar of Elyvilon.
  6462 | D:5      | Found a radiant altar of Vehumet.
  6560 | D:5      | Learned a level 2 spell: Ensorcelled Hibernation
  6568 | D:5      | Learned a level 4 spell: Summon Ice Beast
  7150 | D:6      | Found Nasodo's Magic Scroll Shop.
  7158 | D:6      | Bought a scroll of blinking for 90 gold pieces
  7166 | D:6      | Reached skill level 7 in Summonings
  7168 | D:6      | Reached skill level 1 in Ice Magic
  7174 | D:6      | Slain by an ice beast

Vault maps used:
D:1:      tarquinn_simple_flora_water_a
D:2:      kiku_gazebo_pond_becter, minmay_misc_feat_diagonals,
          hangedman_abyss_or_decor_lesser_grid, st_stairs_13
D:3:      minmay_randomly_rotated_circles
D:4:      biasface_ghost_orc_armoury, serial_shops, shop, uniq_menkaure,
          uniq_duvessa, uniq_blork_the_orc
D:5:      cheibrodos_helix_gallery, amethyst_overflow_temple_binary,
          minmay_temple_entry_statues_fountains, first_ration, enter_ossuary_1,
          nicolae_ru_path_of_blood
D:6:      gammafunk_temple_overflow_statue, serial_shops, shop,
          due_unseen_surprise
Ossuary:  ossuary_tomb_3

Skill      XL: |  1  2  3  4  5  6  7  8 |
---------------+-------------------------+-----
Spellcasting   | 3 4 5 6 |  6.5
Summonings     | 4 5 6 7 |  7.0
Air Magic      | 1 2 3 |  3.5
Ice Magic      | 1 |  1.0
Dodging        | |  1.5
Stealth        | |  1.5

Action                   |  1- 3 |  4- 6 |  7- 9 || total
-------------------------+-------+-------+-------++-------
Melee: Club              |   148 |    41 |       ||   189
       Unarmed           |     5 |       |       ||     5
       Whip              |       |   109 |       ||   109
       Halberd           |       |     3 |   130 ||   133
 Cast: Summon Small Mamm |    19 |       |       ||    19
       Call Imp          |    11 |    14 |    22 ||    47
       Call Canine Famil |     5 |    13 |    17 ||    35
  Use: Scroll            |       |       |    10 ||    10
 Stab: Sleeping          |     2 |     6 |     1 ||     9
       Distracted        |       |       |     1 ||     1
Armor: Robe              |    56 |    39 |    19 ||   114
       Leather armour    |       |       |    13 ||    13
Dodge: Dodged            |   148 |    88 |    72 ||   308
Block: Other             |       |    28 |    21 ||    49
       Reflection        |       |       |     2 ||     2

Table legend:
 A = Non-vault XP
 B = Vault XP
 C = Vault XP percentage of total XP
 D = Non-vault monster count
 E = Vault monster count
 F = Vault count percentage of total count
                 A         B        C        D         E       F
            +---------+---------+-------+---------+---------+-------
      Total |    1354 |     488 |  26.5 |     136 |      29 |  17.6
            +---------+---------+-------+---------+---------+-------
        D:1 |      43 |       0 |   0.0 |      25 |       0 |   0.0
        D:2 |      66 |       2 |   2.9 |      25 |       2 |   7.4
        D:3 |      52 |      20 |  27.8 |      16 |       6 |  27.3
        D:4 |     490 |     353 |  41.9 |      30 |       4 |  11.8
        D:5 |     388 |       1 |   0.3 |      27 |       1 |   3.6
        D:6 |     315 |       0 |   0.0 |      13 |       0 |   0.0
    Ossuary |       0 |     112 | 100.0 |       0 |      16 | 100.0
            +---------+---------+-------+---------+---------+-------
